 Dungeon Crawl Stone Soup version 0.29-a0-1009-g60c99734e7 (webtiles) character file.

Game seed: 5561995182381605710

78 vurker the Trooper (level 4, 0/29 HPs)
             Began as a Gargoyle Monk on Aug 8, 2022.
             Slain by a goblin
             ... wielding a +0 club
             ... led by Robin
              (2 damage)
             ... on level 3 of the Dungeon.
             The game lasted 00:01:36 (2148 turns).

vurker the Trooper (Gargoyle Monk)                  Turns: 2148, Time: 00:01:36

Health: 0/29       AC: 12    Str: 17    XL:     4   Next: 36%
Magic:  4/4        EV:  7    Int: 10    God:
Gold:   102        SH:  0    Dex: 12    Spells: 3/3 levels left

rFire   . . .      SeeInvis .   a - +0 hand axe
rCold   . . .      Faith    .   (no shield)
rNeg    + . .      Spirit   .   h - +0 chain mail
rPois   ∞          Reflect  .   (no helmet)
rElec   +          Harm     .   (no cloak)
rCorr   .          Rampage  .   (no gloves)
Will    .....                   (no boots)
Stlth   ..........              (no amulet)
HPRegen 0.09/turn               (no ring)
MPRegen 0.09/turn               (no ring)

@: no status effects
A: sickness immunity, AC +3, negative energy resistance 1, electricity
resistance, torment resistance 1, petrification resistance
a: no special abilities


You were on level 3 of the Dungeon.
You visited 1 branch of the dungeon, and saw 3 of its levels.

You collected 102 gold pieces.

Inventory:

Hand Weapons
 a - a +0 hand axe (weapon)
Armour
 h - a +0 chain mail (worn)
   (You found it on level 1 of the Dungeon)
Scrolls
 e - a scroll of enchant weapon {unknown}
 g - 4 scrolls of fear {unknown}
 i - 3 scrolls of identify {unknown}
 j - a scroll of silence {unknown}
Potions
 b - a potion of degeneration {unknown}
 c - a potion of ambrosia
 d - 3 potions of curing {unknown}
 f - 2 potions of lignification {unknown}
 k - a potion of haste {unknown}
 l - a potion of invisibility {unknown}
 m - a potion of brilliance {unknown}


   Skills:
 + Level 3.8 Fighting
 * Level 3.5 Axes
 + Level 1.5 Armour
 + Level 2.9 Dodging
 - Level 2.1 Stealth


You had 3 spell levels left.
You didn't know any spells.
Your spell library contained the following spells:

 Spells                   Type           Power      Damage    Failure   Level
 Tukima's Dance           Hex            0%         N/A       100%        3
 Passage of Golubria      Tloc           0%         N/A       100%        4
 Yara's Violent Unravell  Hex/Tmut       0%         3d3       100%        5


Dungeon Overview and Level Annotations

Branches:
Dungeon (3/15)

Altars:


Innate Abilities, Weirdness & Mutations

You are immune to sickness and miasma.
Your stone body is resilient. (AC +3)
You are immune to poison.
You resist negative energy. (rN+)
You are resistant to electric shocks. (rElec)
You are resistant to unholy torment.
You are immune to petrification.


Message History

You hit the endoplasm but do no damage. You closely miss the hobgoblin.
Robin completely misses you. The hobgoblin barely misses you.
The endoplasm freezes you.
You are frozen.
The goblin hits you with a +0 dagger.
* * * LOW HITPOINT WARNING * * *
The hobgoblin hits you but does no damage.
You hit Robin. You closely miss the hobgoblin. You hit the goblin.
You kill the goblin!
You closely miss the hobgoblin. You hit the endoplasm.
You kill the endoplasm!
Robin roars a battlecry!
The goblins go into a battle-frenzy!
A goblin comes into view. It is wielding a +0 club.
The hobgoblin hits you but does no damage.
The hobgoblin barely misses you.
A goblin comes into view. It is wielding a +0 dagger.
You hit Robin but do no damage. You hit the hobgoblin.
You kill the hobgoblin!
You hit the hobgoblin. x2
The hobgoblin hits you but does no damage.
Robin points. "Kill!"
Robin throws the goblin at you!
You hit Robin.
You kill Robin!
You hit the goblin. You hit the goblin but do no damage.
You barely miss the hobgoblin. You hit the hobgoblin.
The hobgoblin hits you but does no damage.
The goblin barely misses you. The hobgoblin hits you.
* * * LOW HITPOINT WARNING * * *
The goblin hits you but does no damage. The hobgoblin hits you.
* * * LOW HITPOINT WARNING * * *
The goblin closely misses you. The hobgoblin barely misses you.
The goblin barely misses you.
You barely miss the hobgoblin. You hit the hobgoblin but do no damage.
You barely miss the goblin. You closely miss the goblin.
The hobgoblin no longer looks unusually strong.
The goblin no longer looks unusually strong.
The hobgoblin barely misses you. The goblin hits you with a +0 club.
* * * LOW HITPOINT WARNING * * *
The hobgoblin hits you but does no damage.
The goblin hits you with a +0 club.
* * * LOW HITPOINT WARNING * * *
You hit the hobgoblin.
You kill the hobgoblin!
You closely miss the goblin. You barely miss the hobgoblin.
You hit the goblin. x2
You kill the goblin!
The hobgoblin hits you.
* * * LOW HITPOINT WARNING * * *
The goblin hits you but does no damage. The goblin hits you with a +0 club.
You die...

## #.###.# .....
#.g#####
###.g@g..#
#...g?)..#
#.##.##..# # #.
#..# #.
#.†#############
#.
#...........<...
#.
########.#######
#. #.# #.#


You could see a hobgoblin and 3 goblins.

Vanquished Creatures
  Robin (D:3)
  2 adders (D:2)
  A worm (D:2)
  An orc (D:2)
  3 endoplasms
  A giant cockroach (D:3)
  7 goblins
  8 hobgoblins
  4 quokkas
  2 ball pythons
  4 bats
  4 frilled lizards
  3 kobolds
  4 rats
45 creatures vanquished.

Notes
Turn   | Place    | Note
-------+----------+-------------------------------------------
     0 | D:1      | vurker the Gargoyle Monk began the quest for the Orb.
     0 | D:1      | Reached XP level 1. HP: 14/14 MP: 1/1
   686 | D:1      | Reached XP level 2. HP: 18/19 MP: 2/2
   916 | D:1      | Found a faded altar of an unknown god.
  1313 | D:2      | Reached skill level 1 in Armour
  1426 | D:2      | Reached XP level 3. HP: 23/23 MP: 3/3
  1923 | D:2      | Reached XP level 4. HP: 21/29 MP: 4/4
  2132 | D:3      | Noticed Robin
  2146 | D:3      | Killed Robin
  2148 | D:3      | Slain by a goblin

Illustrated notes

Levels and vault maps discovered:
D:1:      minmay_arrival_doors, layout_loops_ring, basic_ecumenical_altar,
          st_stairs_10, minmay_pentomino_s2
D:2:      layout_rooms, kennysheep_donut
D:3:      layout_loops_ring, slow_altar_1, uniq_sigmund, uniq_robin,
          uniq_crazy_yiuf_cottage

Skill      XL: |  1  2 |
---------------+-------+-----
Axes           | 3 |  3.5
Armour         | 1 |  1.5
Fighting       | |  3.8
Dodging        | |  2.9
Stealth        | |  2.1

Action                   |  1- 3 |  4- 6 || total
-------------------------+-------+-------++-------
Melee: Hand axe          |   109 |    25 ||   134
 Stab: Sleeping          |     1 |       ||     1
Armor: Robe              |    15 |       ||    15
       Chain mail        |    65 |    21 ||    86
Dodge: Dodged            |    60 |    17 ||    77

Table legend: (Time is in decaauts)
 A = Elapsed time spent in this place.
 B = Non-inter-level travel time spent in this place.
 C = Inter-level travel time spent in this place.
 D = Time resting spent in this place.
 E = Time spent auto-exploring this place.
 F = Levels seen in this place.
 G = Mean time per level.
                   A        B        C        D        E       F      G
               +--------+--------+--------+--------+--------+-----+--------+
         Total |   2167 |   2133 |     34 |      0 |   1817 |   3 |  722.3 |
       Dungeon |   2167 |   2133 |     34 |      0 |   1817 |   3 |  722.3 |
               +--------+--------+--------+--------+--------+-----+--------+

Top non-repeatable levels by time:
     D:1: 1240 daAuts
     D:2: 882 daAuts
     D:3: 45 daAuts
